 Dungeon Crawl Stone Soup version 0.19.1-1-g22dce08 (webtiles) character file.

338 Gargoyl the Skirmisher (level 6, 0/53 HPs)
             Began as a Ghoul Abyssal Knight on Jan 18, 2017.
             Was a Believer of Lugonu.
             Slain by an ogre
             ... wielding a +0 giant spiked club
              (22 damage)
             ... on level 4 of the Dungeon on Jan 19, 2017.
             The game lasted 00:10:43 (3402 turns).

Gargoyl the Skirmisher (Ghoul Abyssal Knight)       Turns: 3402, Time: 00:10:44

Health: 0/53       AC: 12    Str: 15 (16) XL:     6   Next: 55%
Magic:  7/7        EV:  7    Int:  6 (7)  God:    Lugonu [**....]
Gold:   191        SH:  0    Dex: 10      Spells: 0 memorised, 5 levels left

rFire  . . .     SeeInvis .     b - +0 war axe
rCold  + . .     Gourm    .     s - +0 chain mail
rNeg   + + +     Faith    .     (no shield)
rPois  ∞         Spirit   .     (no helmet)
rElec  .         Reflect  .     a - +0 cloak {MR+}
rCorr  .         Harm     .     d - +0 pair of gloves
MR     +....                    q - +0 pair of boots
Stlth  ..........               (no amulet)
                                (no ring)
                                (no ring)

@: rotting
A: rotting body, claws 1, carnivore 3, cold resistance 1, negative energy
resistance 3, slow regeneration 1, torment resistance, unbreathing
a: Depart the Abyss, Bend Space, Renounce Religion


You were on level 4 of the Dungeon.
You worshipped Lugonu.
Lugonu was pleased with you.
You were not hungry.

You visited 1 branch of the dungeon, and saw 4 of its levels.
You visited the Abyss 1 time.

You collected 191 gold pieces.

Inventory:

Hand Weapons
 b - a +0 war axe (weapon)
 e - a +3 hand crossbow
 u - a +0 war axe
Missiles
 j - 49 bolts
Armour
 a - a +0 cloak of magic resistance (worn)
 d - a +0 pair of gloves (worn)
 q - a +0 pair of boots (worn)
 s - a +0 chain mail (worn)
Wands
 m - a wand of iceblast (2/15)
 r - a wand of lightning (5/15)
Potions
 o - a potion of magic
Comestibles
 c - a meat ration


   Skills:
 + Level 4.3 Fighting
 + Level 3.0 Axes
 + Level 1.2 Crossbows
 * Level 3.8 Armour
 + Level 1.2 Dodging
 * Level 3.5 Invocations
 + Level 0.1 Evocations


You had 5 spell levels left.
You didn't know any spells.

Dungeon Overview and Level Annotations

Branches:
Dungeon (4/15)
 Temple: D:4-7

Altars:
Fedhas
Nemelex Xobeh
Trog
Vehumet


Innate Abilities, Weirdness & Mutations

Your body is rotting away.
You thrive on raw meat.
You are immune to poison.
You have sharp fingernails.
You are carnivorous and can eat meat at any time.
Your flesh is cold resistant. (rC+)
You are immune to negative energy. (rN+++)
You regenerate slowly when monsters are visible.
You are immune to unholy pain and torment.
You can survive without breathing.


Message History

This wand has 6 charges left.
You hear an angry hiss.
The ogre hits you with a giant spiked club.
Zapping:
r - a wand of lightning (6/15)
Press: ? - help, Shift-Dir - straight line, f/p - worker ant
Aim: a worker ant You hear a mighty clap of thunder!
The bolt of lightning hits the ogre.
The ogre is moderately wounded.
The bolt of lightning hits the worker ant.
The worker ant is almost dead.
This wand has 5 charges left.
Unknown command.
You hit the ogre.
The ogre is heavily wounded.
The ogre hits you with a giant spiked club!
You hit the ogre.
The ogre is severely wounded.
The ogre hits you with a giant spiked club!!
You die...

+.............#
###.)........#
#..........#
#..........+ .##
#..........# ....
#)######+#### ..... #.#
#.... ......####.# #..#
.....aO@...######.%#####
......#####.............
....$ #.############
.... #.#.......# ...
#.#.....#.# ..
#...###>#.# #
#...'...#.# #?..##..#.#
#...##..#.####


You could see an ogre and a worker ant.

Vanquished Creatures
  A scorpion (D:3)
  3 orc priests
  An orc wizard (D:4)
  Crazy Yiuf (D:3)
  A worker ant (D:4)
  2 adders (D:2)
  An ooze (D:2)
  4 worms
  A dart slug (D:2)
  2 leopard geckos
  4 orcs
  9 bats
  2 goblins (D:2)
  9 hobgoblins
  4 jackals (D:2)
  2 ball pythons (D:2)
  9 frilled lizards
  15 kobolds
  11 rats
82 creatures vanquished.

Notes
Turn   | Place    | Note
-------+----------+-------------------------------------------
     0 | Abyss:1  | Gargoyl the Ghoul Abyssal Knight began the quest for the Orb.
     0 | Abyss:1  | Reached XP level 1. HP: 19/19 MP: 1/1
    31 | Abyss:2  | Noticed a large abomination
    40 | D:1      | Escaped the Abyss
   321 | D:1      | Reached * piety under Lugonu
   325 | D:1      | Reached XP level 2. HP: 26/26 MP: 2/2
   704 | D:1      | Reached skill level 1 in Dodging
   971 | D:1      | Reached XP level 3. HP: 31/31 MP: 3/3
  1301 | D:2      | Found a bloodstained altar of Trog.
  1334 | D:2      | Reached ** piety under Lugonu
  1471 | D:2      | Reached XP level 4. HP: 22/40 MP: 4/4
  1930 | D:2      | Found a radiant altar of Vehumet.
  1932 | D:2      | Found a blossoming altar of Fedhas.
  1934 | D:2      | Found a sparkling altar of Nemelex Xobeh.
  2061 | D:2      | Reached skill level 1 in Crossbows
  2086 | D:3      | Reached XP level 5. HP: 36/46 MP: 6/6
  2090 | D:3      | Reached skill level 4 in Fighting
  2650 | D:3      | Found a runed door.
  2654 | D:3      | Noticed Crazy Yiuf
  2691 | D:3      | HP: 1/46 [Crazy Yiuf/quarterstaff of chaos (3)]
  2725 | D:3      | Killed Crazy Yiuf
  2725 | D:3      | Reached XP level 6. HP: 4/52 MP: 3/7
  3402 | D:4      | Slain by an ogre

Skill      XL: |  1  2  3  4  5  6 |
---------------+-------------------+-----
Armour         | 2 3 |  3.8
Dodging        | 1 |  1.2
Axes           | 2 3 |  3.0
Crossbows      | 1 |  1.2
Fighting       | 4 |  4.3
Invocations    | 3 |  3.5
Evocations     | |  0.1

Action                   |  1- 3 |  4- 6 || total
-------------------------+-------+-------++-------
Melee: Hand axe          |    77 |    75 ||   152
       War axe           |       |    66 ||    66
 Fire: Hand crossbow     |    50 |     6 ||    56
Invok: Depart the Abyss  |     1 |       ||     1
Evoke: Wand              |       |     6 ||     6
  Use: Scroll            |     1 |     8 ||     9
       Potion            |       |     4 ||     4
  Eat: Chunk             |    11 |    14 ||    25
Armor: Ring mail         |    33 |    30 ||    63
       Chain mail        |       |    69 ||    69
Dodge: Dodged            |    51 |    70 ||   121
